[Event "Late-Titled-Tuesday-Blitz-June-04-2024"]
[Site "Chess.com"]
[Date "2024.06.04"]
[Round "1"]
[White "crazy_but_lazy"]
[Black "familijatop71"]
[Result "1-0"]
[WhiteElo "2613"]
[BlackElo "2298"]
[TimeControl "180+1"]
[EndTime "14:09:01 PDT"]
[Termination "crazy_but_lazy won by resignation"]

1. d4 d5 2. Nf3 Nf6 3. Bf4 c5 4. e3 Nc6 5. Nbd2 cxd4 6. exd4 Bf5 7. c3 a6 8. Be2 e6 9. Nh4 Bg6 10. Nxg6 hxg6 11. Nf3 Bd6 12. Bxd6 Qxd6 13. Bd3 b5 14. a3 Na5 15. Qe2 Nc4 16. O-O O-O 17. Rfe1 Qf4 18. Ne5 Nxe5 19. Qxe5 Qxe5 20. Rxe5 Nd7 21. Re2 Nb6 22.
h4 Nc4 23. g4 Rfe8 24. Kg2 f5 25. f3 Kf7 26. Kg3 Re7 27. Rae1 Rae8 28. Kf4 Kf6 29. Bxc4 bxc4 30. g5+ Kf7 31. Ke5 Rd7 32. Rh1 Rh8 33.
Reh2 Rb7 34. Re1 Ke7 35. Ree2 a5 36. a4 Rh5 37. Ref2 Rb6 38. Re2 Rc6 39. Re3 Rb6 40. Ree2 Rc6 41. Rc2 Rb6 42. Rc1 Rc6 43. Re1 Rb6 44.
Kf4 Rc6 45. Kg3 Rb6 46. Rhe2 Rc6 47. Re5 Rd6 48. R1e2 Rh8 49. Rh2 Rh5 50. Ree2 Rb6 51. Kf4 Rd6 52. Ref2 Rb6 53. Rf1 Rd6 54. Re1 Rb6 55.
Rb1 Rh8 56. Ke5 Rh5 57. b4 cxb3 58. Rhb2 Rxh4 59. Rxb3 Rxb3 60. Rxb3 Rh3 61. Rb7+ Ke8 62. Kxe6 Kd8 63. Kxd5 Rxf3 64. c4 Re3 65. Rxg7 f4 66. Rf7 Ra3 67. c5 Rxa4 68. Rxf4 Ra1 69. Rf6 a4 70. Rxg6 a3 71. Ra6 a2 72. Ra7 Kc8 73.
g6 Rg1 74. Rxa2 Rxg6 75. Ra7 Kb8 76. Rh7 Kc8 77. Kc4 Rg1 78. d5 Rc1+ 79. Kb5 Rg1 80. Kc6 Rg6+ 81. d6 Rf6 82. Rh8+ 1-0

[Event "Late-Titled-Tuesday-Blitz-June-04-2024"]
[Site "Chess.com"]
[Date "2024.06.04"]
[Round "1"]
[White "wonderfultime"]
[Black "Noki102"]
[Result "1/2-1/2"]
[WhiteElo "3048"]
[BlackElo "2520"]
[TimeControl "180+1"]
[EndTime "14:09:06 PDT"]
[Termination "Game drawn - insufficient material"]

1. d4 d5 2. Nf3 Nf6 3. Bf4 Bf5 4. c4 e6 5. Qb3 Nc6 6. Nbd2 Rb8 7. e3 Bd6 8. Bg5 h6 9. Bh4 O-O 10. Be2 Be7 11. O-O Na5 12. Qd1 Nxc4 13. Nxc4 dxc4 14. Bxc4 Ne4 15. Bxe7 Qxe7 16. Rc1 c5 17. Bd3 cxd4 18. Nxd4 Bh7 19. Qc2 Nf6 20. Bxh7+ Nxh7 21. Qc7 Qxc7 22. Rxc7 Nf6 23. Rfc1 Nd5 24. R7c4 Rfd8 25. Kf1 a6 26. Ke2 Nb6 27. Rb4 Nd5 28. Rb3 Kf8 29. g3 Ke7 30. a4 g5 31. h3 h5 32. a5 f5 33.
Nf3 g4 34. hxg4 hxg4 35. Ne5 Kf6 36. Nd3 Rd7 37. Rh1 Rc7 38. Rh6+ Ke7 39. Kf1 Kd6 40.
Nf4 Nxf4 41. exf4 Rc5 42. Rb6+ Rc6 43. Rb3 Rc5 44. Rd3+ Rd5 45. Re3 Re8 46. Rb3 Re7 47.
Rb6+ Kc7 48. Rbxe6 Rxe6 49. Rxe6 Rxa5 50. Re7+ Kc6 51.
Re3 Rb5 52. b3 Rd5 53. Re7 b5 54. Re6+ Rd6 55. Re5 Rd5 56. Re6+ Kb7 57. b4 Rd4 58. Re5 Rxb4 59. Rxf5 a5 60. Rc5 a4 61. f5 Kb6 62. f6 Rb1+ 63. Ke2 Rh1 64. Rc8 Rh7 65. Rf8 Kc5 66. f7 Kb4 67. f4 gxf3+ 68. Kxf3 a3 69. Ke4 a2 70. Ra8 Rxf7 71. Rxa2 Kb3 72. Ra8 b4 73. g4 Kb2 74. g5 b3 75. Rb8 Ka2 76. Ke5 Ra7 77. g6 b2 78. Rxb2+ Kxb2 79. Kf6 Kc3 80. g7 Rxg7 81. Kxg7 1/2-1/2

[Event "Late-Titled-Tuesday-Blitz-June-04-2024"]
[Site "Chess.com"]
[Date "2024.06.04"]
[Round "1"]
[White "Revan_2002"]
[Black "Kombinator01"]
[Result "1/2-1/2"]
[WhiteElo "2806"]
[BlackElo "2463"]
[TimeControl "180+1"]
[EndTime "14:09:09 PDT"]
[Termination "Game drawn - insufficient material"]

1. c4 e6 2. Nf3 d5 3. e3 Nf6 4. b3 a5 5. a3 Be7 6. Bb2 O-O 7.
Be2 c5 8. cxd5 exd5 9. d4 a4 10. dxc5 axb3 11. Qxb3 Bxc5 12. O-O Nc6 13. Nc3 d4 14.
exd4 Nxd4 15. Nxd4 Qxd4 16. Nb5 Qf4 17. Rac1 Be6 18. Qf3 Qxf3 19. Bxf3 Be7 20. Bxb7 Ra5 21.
Bc6 Rb8 22. a4 Rxa4 23. Be5 Rf8 24. Nd4 Ra2 25. Nxe6 fxe6 26. Ra1 Re2 27. Rfe1 Rxe1+ 28. Rxe1 Rc8 29. Ba4 Kf7 30. h3 Nd5 31. g3 Bf6 32. Bxf6 Nxf6 33. Bb3 Rc6 34. Kg2 Nd5 35. f4 Rc3 36.
Bxd5 exd5 37. Re5 Rd3 38. h4 g6 39. h5 d4 40. h6 Rd2+ 41. Kh3 Rd1 42. Kg4 Rh1 43.
Rd5 Rxh6 44. Rxd4 Rh5 45. Rd7+ Kf6 46. Rd6+ Kf7 47. Kf3 Ke7 48. Rd3 Ra5 49. g4 Ra7 50. g5 Kf7 51. Kg4 Kg7 52. Rd6 Rf7 53. Kf3 Re7 54.
Rd5 Rf7 55. Ke4 Re7+ 56. Re5 Ra7 57. Kd5 Ra5+ 58. Ke6 Ra4 59. f5 Ra6+ 60. Kd5 gxf5 61. Rxf5 Kg6 62. Rf6+ Rxf6 63. gxf6 Kxf6 64. Ke4 Kg5 65.
Kf3 Kh4 66. Kg2 Kg4 67. Kh1 Kh3 68. Kg1 h6 69. Kh1 Kg3 70. Kg1 Kg4 71. Kh1 Kh4 72. Kg1 Kh3 73. Kh1 Kg4 74. Kg1 Kf5 75. Kh1 Kf6 76. Kg1 Kf7 77. Kh1 Kf8 78. Kg1 Kg8 79. Kh1 Kh8 80. Kg1 Kh7 81. Kh1 Kg7 82. Kg1 Kg6 83. Kh1 Kh5 84. Kg1 Kg5 85. Kh1 h5 86.
Kg1 Kf5 87. Kh1 Ke5 88. Kg1 Ke6 89. Kh1 Ke7 90. Kg1 Ke8 91. Kh1 Kf8 92. Kg1 Kg8 93.
Kh1 Kh8 94. Kg1 Kh7 95. Kh1 Kg7 96. Kg1 Kh6 97. Kh1 Kg6 98. Kg1 Kg5 99. Kh1 Kf5 100. Kg1 Kf6 101. Kh1 Ke5 102. Kg1 Kd5 103. Kh1 Kd4 104.
Kg1 Ke4 105. Kh1 Kf4 106. Kg1 Kg4 107. Kh1 Kh4 108. Kh2 Kg4 109. Kg2 h4 110. Kh2 Kf4 111. Kh3 Kg5 112. Kg2 Kh5 113. Kh2 Kg4 114. Kg2 Kf5 115. Kh3 Kg5 116. Kh2 Kg4 117. Kg2 h3+ 118. Kh2 Kh4 119. Kh1 Kh5 120. Kh2 Kg4 121. Kh1 Kh4 122. Kh2 Kg4 123. Kh1 Kg3 124. Kg1 Kf4 125. Kh1 Kg4 126. Kh2 Kh4 127. Kh1 Kg3 128. Kg1 h2+ 129. Kh1 Kh4 130. Kg2 h1=B+ 1/2-1/2

[Event "Late-Titled-Tuesday-Blitz-June-04-2024"]
[Site "Chess.com"]
[Date "2024.06.04"]
[Round "1"]
[White "PoXerStar"]
[Black "Vahe_Danielyan"]
[Result "1-0"]
[WhiteElo "2394"]
[BlackElo "2660"]
[TimeControl "180+1"]
[EndTime "14:09:13 PDT"]
[Termination "PoXerStar won by resignation"]

1. d4 Nf6 2. c4 e6 3. Nf3 c5 4.
d5 d6 5. Nc3 exd5 6. cxd5 g6 7.
Bf4 Bg7 8. h3 O-O 9. e3 Re8 10.
Bd3 Na6 11. Bxa6 bxa6 12. Rc1 Rb8 13. b3 a5 14. O-O Ba6 15. Re1 Rb4 16. Bh2 h6 17.
Nd2 g5 18. a3 Rb7 19. Nc4 Bxc4 20. bxc4 a6 21. Qa4 Ne4 22. Nxe4 Rxe4 23. Qc6 Rb6 24. Qa4 Rb2 25. Rb1 Rd2 26. Qc6 Qf6 27. Rf1 Rxc4 28. Bxd6 Rcc2 29. Bg3 h5 30. Rb6 Qf5 31. Qe8+ Kh7 32.
e4 Re2 33. exf5 Rxe8 34. d6 h4 35. Bh2 Bd4 36. d7 Rd8 37. Rd6 Re2 38. f6 Kg6 39.
Rd5 Bxf6 40. Bc7 c4 41. Bxd8 Bxd8 42. Rc1 Re4 43. Rc5 Rd4 44. R5xc4 Rxd7 45. Rc6+ f6 46.
Rxa6 Rd2 47. Re6 Kf5 48. Re3 Bb6 49. Rf3+ Ke5 50. Rb1 Bd4 51. Rb5+ Ke4 52. Rxa5 f5 53. Raxf5 Rd1+ 54. Kh2 Rd2 55. Rxg5 Bxf2 56. Rg4+ Ke5 57. Rxf2 Rxf2 58. Rxh4 Ra2 59. a4 Kf5 60. Rg4 Ra3 61. Rb4 Ra2 62. Rb5+ Kf4 63. a5 Ra1 64. h4 Kg4 65. h5 Rc1 66. a6 Rc6 67. Ra5 Rc8 68. a7 Ra8 69. h6 Kh4 70. h7 Kg4 71. Kg1 Kg3 72. h8=Q Rc8 73. Qg7+ Kf4 74. Ra4+ Ke3 75. Qe5+ Kd2 76. Ra1 Rc5 77. Qxc5 Kd3 78. Qb4 Ke2 79. Qb2+ Kd3 80. Ra3+ Kc4 81. Qb3+ Kc5 82. Ra5+ Kc6 83.
a8=Q+ Kc7 1-0

[Event "Late-Titled-Tuesday-Blitz-June-04-2024"]
[Site "Chess.com"]
[Date "2024.06.04"]
[Round "1"]
[White "rhwr"]
[Black "brunoo2003"]
[Result "1/2-1/2"]
[WhiteElo "2289"]
[BlackElo "2592"]
[TimeControl "180+1"]
[EndTime "14:09:22 PDT"]
[Termination "Game drawn by repetition"]

1. e4 e5 2. Nf3 d6 3. Bc4 Be7 4.
O-O Nf6 5. Re1 O-O 6. h3 c6 7. c3 d5 8. exd5 cxd5 9. Bb3 e4 10. Nd4 Nc6 11. d3 Bc5 12. Be3 Ne5 13. dxe4 dxe4 14. Bc2 Nc4 15. b3 Nxe3 16. Rxe3 Re8 17. Re1 Qb6 18.
Nd2 Bxd4 19. cxd4 Qxd4 20. Nxe4 Rd8 21. Qxd4 Rxd4 22. Nxf6+ gxf6 23. Re8+ Kg7 24. Bf5 Bxf5 25. Rxa8 a6 26. Re1 Be4 27. f3 Bc6 28. Re2 h5 29.
Kf2 h4 30. Ke3 Rd1 31. Rd2 Ra1 32. Kf4 Rg1 33. Kg4 Bb5 34. Kxh4 Bc6 35. Kg3 Re1 36. h4 Re5 37. Kf4 b5 38. Rdd8 Bxa8 39. Rxa8 Re2 40. Rxa6 Rxg2 41. a4 bxa4 42. bxa4 Ra2 43. Kf5 Rf2 44.
f4 Rh2 45. Kg4 Rg2+ 46. Kf3 Ra2 47. a5 Ra4 48. Kg4 Kg6 49. h5+ Kg7 50. Kf5 Ra1 51. h6+ Kxh6 52. Kxf6 Rf1 53. Kxf7+ Kh5 54. Rf6 Ra1 55.
a6 Kg4 56. f5 Kg5 57. Kg7 Ra5 58. Kf7 Ra1 59. Ke7 Re1+ 60. Re6 Ra1 61. f6 Kg6 62. f7+ Kg7 63. Rg6+ Kxg6 64. f8=Q Rxa6 65. Qf1 Ra7+ 66.
Ke6 Kh7 67. Qd3+ Kg8 68. Qg3+ Rg7 69. Qb8+ Kh7 70. Kf6 Rg6+ 71. Kf5 Rg2 72. Qb7+ Rg7 73. Qh1+ Kg8 74. Kf6 Rf7+ 75. Ke6 Ra7 76. Qg1+ Rg7 77. Qh2 Rb7 78. Qg2+ Rg7 79. Qh2 Rb7 80. Qh5 Rb6+ 81. Ke7 Rb7+ 82. Kd8 Rf7 83. Qd5 Kg7 84. Qg5+ Kf8 85.
Qg3 Rf6 86. Kd7 Kf7 87. Qb3+ Kg7 88. Qg3+ Kf7 89. Qb3+ Kf8 90. Qg3 Kf7 1/2-1/2

[Event "Late-Titled-Tuesday-Blitz-June-04-2024"]
[Site "Chess.com"]
[Date "2024.06.04"]
[Round "1"]
[White "shimastream"]
[Black "MeisterJabo"]
[Result "1-0"]
[WhiteElo "3000"]
[BlackElo "2507"]
[TimeControl "180+1"]
[EndTime "14:09:36 PDT"]
[Termination "shimastream won by resignation"]

1. e4 e5 2. Nf3 Nf6 3. Nc3 Nc6 4. h3 Bb4 5. Nd5 Bc5 6. c3 Nxe4 7. d4 exd4 8. Bd3 Nf6 9. Bg5 Be7 10. Bxf6 Bxf6 11. O-O O-O 12. cxd4 d6 13. Be4 g6 14. Rc1 Bg7 15.
b4 Re8 16. Re1 a6 17. a4 f5 18. Bb1 Be6 19. Nxc7 Qxc7 20. Rxe6 Rxe6 21. Ba2 d5 22. Bxd5 Re8 23. Qb3 Qd6 24. Re1 Nxd4 25. Nxd4 Bxd4 26. Bxe6+ Kg7 27. Qc4 Re7 28. Kf1 b5 29. axb5 axb5 30. Qb3 Qf4 31. Re2 Qc1+ 32. Re1 Qf4 33. Qa2 Bc3 34.
Rd1 Qxb4 35. g3 Qc5 36. Rd8 Qc6 37. Rg8+ Kh6 38. Bd5 Qf6 39. h4 b4 40. Qc4 Qd4 41.
Qxd4 Bxd4 42. Rb8 Bc3 43. Bc4 Rd7 44. Ke2 Kg7 45. Rb5 Rd2+ 46. Ke3 Rb2 47. Rb7+ Kf6 48. Rxh7 Be1 49. f3 Bxg3 50. h5 Bf2+ 51. Kd3 gxh5 52. Rxh5 Kg6 53. Rh8 Bc5 54. Rg8+ Kf6 55. Rc8 Bd6 56. Rc6 Ke5 57. Rb6 Bf8 58. Rb5+ Kf4 59.
Be6 Bd6 60. Rxf5+ Kg3 61. Kc4 Rb1 62. Bd5 Bf4 63. Be4 Rb2 64. Rf8 Bd2 65. Rg8+ Kf2 66. Rf8 Bc3 67. Re8 Rd2 68. Kb3 Rb2+ 69. Kc4 Rd2 70. Rb8 Ke3 71. Re8 Kf4 72. Rf8+ Ke3 73. Rf7 Rd4+ 74. Kb3 Kd2 75. Ka4 Kc1 76. Kb3 Rd2 77.
Re7 Rb2+ 78. Kc4 Rf2 79. Re8 Kb2 80. Rb8 Rd2 81. Kc5 Ka3 82. Ra8+ Kb3 83. Bd5+ Kb2 84. Ra2+ Kc1 85. Ra8 Rf2 86. Kc4 Rh2 87. Kb3 Kd2 88.
Ra2+ Ke3 89. Rxh2 Kf4 90. Be4 Ke5 91. Rg2 Kf4 92. Rg4+ Ke5 93. Rg8 Kf4 94. Re8 Ke3 95.
Kc2 Kf4 96. Bd5 Kg3 97. Rf8 Kf2 98. f4 Ke3 99. f5 Kd4 100. Bb3 Ke5 101. f6 Kf5 102.
f7 Kg6 103. Re8 Bg7 104. f8=Q Bxf8 105. Rxf8 Kg7 106. Rf1 Kg6 107. Kd3 Kg7 108. Ke4 Kg6 1-0

[Event "Late-Titled-Tuesday-Blitz-June-04-2024"]
[Site "Chess.com"]
[Date "2024.06.04"]
[Round "1"]
[White "SharathRk6"]
[Black "igorkovalenko"]
[Result "1/2-1/2"]
[WhiteElo "2516"]
[BlackElo "3008"]
[TimeControl "180+1"]
[EndTime "14:09:41 PDT"]
[Termination "Game drawn by stalemate"]

1. e4 d5 2. exd5 Qxd5 3. Nf3 Bg4 4. Be2 Nc6 5. d4 O-O-O 6. c3 Nf6 7. h3 Bh5 8. Nbd2 e5 9. dxe5 Nxe5 10. O-O Nd3 11. Nb3 Ne4 12. Be3 Nxb2 13. Qc2 Nc4 14.
Rad1 Nxe3 15. fxe3 Qe6 16. Rxd8+ Kxd8 17. Nfd4 Qe5 18.
Bxh5 Ng3 19. Rd1 Bd6 20. Bf3 Qxe3+ 21. Qf2 Qxf2+ 22. Kxf2 Kc8 23. Nb5 Be5 24. Nxa7+ Kb8 25. Nb5 Nf5 26. N5d4 Bg3+ 27. Kg1 Ne3 28. Rd3 Nc4 29.
Ne2 Be5 30. Bd5 Nd6 31. c4 c6 32. c5 Nb5 33. Bxf7 Nc7 34. Bc4 Re8 35. Re3 Bd4 36. Nexd4 Rxe3 37. Kf2 Rc3 38. Bg8 h6 39. g4 Rxh3 40. Kg2 Rc3 41. Bf7 Na6 42. Ne6 g5 43.
Bg6 Nb4 44. Nbd4 Nxa2 45. Nf5 Nb4 46. Nxh6 Nd5 47. Be4 Ne3+ 48. Kf2 Ka7 49. Nxg5 Nxg4+ 50. Nxg4 Rxc5 51. Ne6 Rc4 52. Ke3 Ra4 53. Ne5 Kb6 54. Kd3 Ra3+ 55. Kd2 Rh3 56. Nf4 Rh4 57. Ke3 Rh2 58.
Nfd3 Ra2 59. Kd4 Ra4+ 60. Nc4+ Kc7 61. Nb2 Ra2 62. Kc3 b5 63. Nd2 Kb6 64. Kb3 Ra1 65. Nd3 c5 66. Bf5 Ra7 67. Be4 c4+ 68. Nxc4+ bxc4+ 69. Kxc4 Ra4+ 70. Kd5 Ra5+ 71. Ke6 Rh5 72. Bf5 Rh6+ 73. Ke5 Kb5 74. Nf4 Kc4 75. Bg4 Kc5 76. Kf5 Rb6 77. Ne6+ Kd5 78. Nf4+ Kd6 79. Bf3 Rb4 80. Kg5 Ke5 81. Nd3+ Kd4 82. Nxb4 Ke3 83.
Bc6 Kd4 84. Kf5 Kc4 85. Na6 Kd4 86. Ke6 Kc4 87. Kd6 Kd4 88. Nc5 Ke3 89. Be8 Kd4 90. Kc6 Kc4 91. Bf7+ Kd4 92. Kd6 Ke3 93. Ke5 Kd2 94.
Ne4+ Kd3 95. Bg8 Ke3 96. Bc4 Kf3 97. Nf6 Ke3 98. Ng4+ Kd2 99. Kf5 Kc3 100. Be6 Kd4 101. Kf4 Kc5 102. Ke5 Kc6 103. Ne3 Kc5 104. Bd5 Kb4 105. Kd4 Ka3 106. Kc3 Ka4 107. Bc4 Ka3 108. Nc2+ Ka4 109.
Be2 Ka5 110. Nb4 Ka4 111. Kc4 Ka3 112. Bd3 Ka4 113. Bc2+ Ka3 114. Kc3 1/2-1/2

[Event "Late-Titled-Tuesday-Blitz-June-04-2024"]
[Site "Chess.com"]
[Date "2024.06.04"]
[Round "1"]
[White "Der_Honigdachs"]
[Black "dropstoneDP"]
[Result "1/2-1/2"]
[WhiteElo "2512"]
[BlackElo "2959"]
[TimeControl "180+1"]
[EndTime "14:09:55 PDT"]
[Termination "Game drawn by 50-move rule"]

1. e4 e5 2. Nf3 Nf6 3. Nc3 Nc6 4.
d4 exd4 5. Nxd4 Bb4 6. Nxc6 bxc6 7. Bd3 O-O 8. O-O d5 9. exd5 cxd5 10. h3 c6 11. Qf3 Bd6 12. Bg5 h6 13. Bxf6 Qxf6 14.
Qxf6 gxf6 15. Ne2 Bd7 16. b3 a5 17. Nd4 Be5 18. c3 c5 19. Ne2 a4 20. f4 Bd6 21. c4 axb3 22. axb3 Rxa1 23. Rxa1 Rb8 24. Ra3 Be6 25. Kf2 f5 26. Ng3 Bxf4 27. Nxf5 Bc1 28.
Ra1 Bxf5 29. Bxf5 Bb2 30. Rd1 Bd4+ 31. Ke2 dxc4 32. bxc4 Kg7 33. Be4 Rb3 34. Bd5 f5 35. Rd3 Rb2+ 36. Rd2 Rb8 37. Ra2 Kf6 38. Ra3 h5 39.
Kf3 h4 40. g3 hxg3 41. Kxg3 Rb1 42. Ra6+ Kg7 43. Ra7+ Kh6 44. Ra6+ Kg7 45. Ra7+ Kg6 46. Ra6+ Bf6 47. Rc6 Rb3+ 48. Kg2 Rb2+ 49. Kf3 Rb3+ 50. Kg2 f4 51. Rxc5 Rg3+ 52. Kh2 Be5 53. Rc6+ Kg7 54. Re6 Re3 55. Kg2 Rg3+ 56. Kf2 Bd4+ 57. Ke2 Rxh3 58. Re7+ Kf6 59. Rf7+ Ke5 60. Rf8 Re3+ 61. Kd2 Ra3 62. Kc2 Bc5 63. Rf7 Rg3 64. Kd2 Bd6 65. Kc2 Kd4 66. Rf5 Rh3 67. Rf7 Rh2+ 68. Kb3 Be5 69. Kb4 Rb2+ 70. Ka5 Kc5 71. Ka6 Bb8 72. Rf6 Rb1 73.
Rc6+ Kd4 74. Rb6 Ra1+ 75. Kb7 Be5 76. Re6 Ra3 77. Re7 Bd6 78. Rf7 Kc5 79. Kc8 Ra1 80. Kd7 Re1 81. Rf5 Re7+ 82. Kd8 Re3 83. Rf6 Be5 84.
Rf5 Kd6 85. Rf7 Rg3 86. Rd7+ Kc5 87. Rf7 Rg8+ 88. Kd7 Bd6 89. Ke6 Re8+ 90. Kf5 Re3 91. Kg4 Rg3+ 92. Kh4 Be5 93. Kh5 Kd4 94. Kh4 Bd6 95. Kh5 Ke3 96. Rf6 Be5 97. Rf5 Kd4 98. Rf7 Rg1 99. Rf5 Rg7 100. Rf7 Rg3 101. Rf5 Bd6 102. Rf6 Kc5 103. Rf5 Re3 104. Rf6 Be5 105. Rf5 Kd6 106. Rf7 Rg3 107. Rf5 Rg1 1/2-1/2

[Event "Late-Titled-Tuesday-Blitz-June-04-2024"]
[Site "Chess.com"]
[Date "2024.06.04"]
[Round "2"]
[White "Onthequiet"]
[Black "kemelgallo"]
[Result "0-1"]
[WhiteElo "2429"]
[BlackElo "2721"]
[TimeControl "180+1"]
[EndTime "14:11:32 PDT"]
[Termination "kemelgallo won by resignation"]

1. e4 c5 2. b3 Nc6 3. Bb2 e5 4. Nc3 g6 5. Bb5 Bg7 6. Bxc6 bxc6 7. Nf3 Ne7 8. d3 O-O 9. Na4 d6 10. Bc1 f5 11. Bh6 Bxh6 0-1

[Event "Late-Titled-Tuesday-Blitz-June-04-2024"]
[Site "Chess.com"]
[Date "2024.06.04"]
[Round "2"]
[White "luca_va99"]
[Black "ChessSG1"]
[Result "0-1"]
[WhiteElo "2179"]
[BlackElo "2466"]
[TimeControl "180+1"]
[EndTime "14:11:47 PDT"]
[Termination "ChessSG1 won by resignation"]

1. e4 c5 2. Nf3 g6 3. d4 cxd4 4. Qxd4 Nf6 5. e5 Nc6 6. Qa4 Nd5 7. Qe4 Ndb4 8. a3 d5 9. exd6 Bf5 10. dxe7 Bxe7 11. Qc4 Nxc2+ 12. Ke2 Nxa1 13. Qc3 O-O 14. Bh6 Bf6 0-1

[Event "Late-Titled-Tuesday-Blitz-June-04-2024"]
[Site "Chess.com"]
[Date "2024.06.04"]
[Round "2"]
[White "Duhless"]
[Black "Ramosha"]
[Result "1-0"]
[WhiteElo "3110"]
[BlackElo "2630"]
[TimeControl "180+1"]
[EndTime "14:12:22 PDT"]
[Termination "Duhless won by resignation"]

1. e4 c6 2. d4 d5 3. e5 Bf5 4.
Nf3 e6 5. Be2 h6 6. Nbd2 Ne7 7.
Nf1 Nd7 8. Ne3 Bh7 9. O-O Nc8 10.
Bd3 Bxd3 11. Qxd3 c5 12. c4 dxc4 13. Nxc4 Ncb6 14. Be3 cxd4 15. Qxd4 Nxc4 16. Qxc4 Be7 17. Rfd1 O-O 18. Qb5 1-0

[Event "Late-Titled-Tuesday-Blitz-June-04-2024"]
[Site "Chess.com"]
[Date "2024.06.04"]
[Round "2"]
[White "malti"]
[Black "ZverevLev"]
[Result "0-1"]
[WhiteElo "2120"]
[BlackElo "2642"]
[TimeControl "180+1"]
[EndTime "14:12:48 PDT"]
[Termination "ZverevLev won by resignation"]

1. e4 e5 2. Nf3 Nc6 3. Bc4 Bc5 4. c3 Nf6 5. d3 d6 6. Bb3 a6 7.
Nbd2 Ba7 8. h3 O-O 9. Nf1 d5 10. Qe2 Be6 11. Bc2 dxe4 12. dxe4 Nh5 13. Nxe5 Nxe5 14.
Qxh5 Nd3+ 15. Bxd3 Qxd3 16. Qe2 Qd6 17. Ng3 Rfe8 18.
O-O Qxg3 0-1

[Event "Late-Titled-Tuesday-Blitz-June-04-2024"]
[Site "Chess.com"]
[Date "2024.06.04"]
[Round "2"]
[White "dropstoneDP"]
[Black "Michalczak"]
[Result "1-0"]
[WhiteElo "2960"]
[BlackElo "2512"]
[TimeControl "180+1"]
[EndTime "14:12:48 PDT"]
[Termination "dropstoneDP won by resignation"]

1. d4 Nf6 2. c4 e6 3. Nf3 d5 4. g3 Be7 5. Bg2 O-O 6. Nc3 c5 7. cxd5 cxd4 8. Nxd4 Nxd5 9. Nxd5 exd5 10. O-O Nc6 11.
Be3 Nxd4 12. Bxd4 Be6 13. Rc1 Bf6 14. Qd2 Bxd4 15. Qxd4 Qb6 16. Qxb6 axb6 17. a3 Rac8 18. Rfd1 Rfd8 19. Rxc8 Rxc8 20. Bxd5 Rd8 21. Bb3 Rc8 22. Bxe6 fxe6 23. Rd6 1-0

[Event "Late-Titled-Tuesday-Blitz-June-04-2024"]
[Site "Chess.com"]
[Date "2024.06.04"]
[Round "2"]
[White "K_A_S_T_O_R"]
[Black "CruzWilliam"]
[Result "1-0"]
[WhiteElo "2872"]
[BlackElo "2408"]
[TimeControl "180+1"]
[EndTime "14:13:16 PDT"]
[Termination "K_A_S_T_O_R won by resignation"]

1. e4 e6 2. d4 d5 3. Nc3 Nf6 4. e5 Nfd7 5. Nce2 c5 6. c3 Nc6 7. f4 b5 8. a3 b4 9. axb4 cxb4 10. Nf3 a5 11. f5 exf5 12. Nf4 Nb6 13. Bb5 Bd7 14.
e6 fxe6 15. Bxc6 Bxc6 16. Ne5 Bb5 17. Qh5+ g6 18. Nfxg6 hxg6 19. Qxg6+ Ke7 20. Bg5+ 1-0

[Event "Late-Titled-Tuesday-Blitz-June-04-2024"]
[Site "Chess.com"]
[Date "2024.06.04"]
[Round "2"]
[White "Pig-filth"]
[Black "WPWPWP-2015"]
[Result "0-1"]
[WhiteElo "2309"]
[BlackElo "2523"]
[TimeControl "180+1"]
[EndTime "14:13:26 PDT"]
[Termination "WPWPWP-2015 won by resignation"]

1. d4 d5 2. Bg5 Bg4 3. c4 c5 4. dxc5 d4 5. Nf3 Nc6 6. Nbd2 f6 7. Bh4 e5 8. b4 Bxf3 9. Nxf3 Nxb4 10. Qa4+ Nc6 11.
Nxe5 Qa5+ 12. Qxa5 Nxa5 13. Nf3 O-O-O 14. e3 dxe3 15.
fxe3 Bxc5 16. Bf2 Bb4+ 0-1

[Event "Late-Titled-Tuesday-Blitz-June-04-2024"]
[Site "Chess.com"]
[Date "2024.06.04"]
[Round "2"]
[White "MarceloPlaya"]
[Black "only_strong_moves"]
[Result "0-1"]
[WhiteElo "2350"]
[BlackElo "2684"]
[TimeControl "180+1"]
[EndTime "14:13:46 PDT"]
[Termination "only_strong_moves won by resignation"]

1. e4 e5 2. Nf3 Nc6 3. d4 exd4 4. Bc4 Nf6 5. Ng5 d5 6. exd5 Nxd5 7. Nxf7 Qe7+ 8.
Qe2 Qxe2+ 9. Kxe2 Kxf7 10. Bxd5+ Be6 11. Bxe6+ Kxe6 12. Re1 Bd6 13. g3 Kd7 14. Kf1 Rae8 15. Bd2 Ne5 16. c3 d3 17. Re3 Bc5 18. Re4 Nf3 19.
b4 Rxe4 0-1

[Event "Late-Titled-Tuesday-Blitz-June-04-2024"]
[Site "Chess.com"]
[Date "2024.06.04"]
[Round "2"]
[White "ilushka"]
[Black "LikeWater"]
[Result "0-1"]
[WhiteElo "2388"]
[BlackElo "2735"]
[TimeControl "180+1"]
[EndTime "14:13:48 PDT"]
[Termination "LikeWater won by resignation"]

1. Nf3 Nf6 2. g3 d6 3. d4 g6 4. b3 Bg7 5. Bb2 O-O 6. Bg2 Nbd7 7. O-O e5 8. dxe5 dxe5 9. Nxe5 Ng4 10. Nd3 Bxb2 11. Nxb2 Qf6 12. c3 Nc5 13. Qd4 Qe7 14.
b4 Qxe2 15. Nd2 Ne6 16. Qd3 Qxd3 17. Nxd3 Rd8 18. Be4 f5 0-1

[Event "Late-Titled-Tuesday-Blitz-June-04-2024"]
[Site "Chess.com"]
[Date "2024.06.04"]
[Round "2"]
[White "ulises2013"]
[Black "Caracal3000"]
[Result "1-0"]
[WhiteElo "2928"]
[BlackElo "2584"]
[TimeControl "180+1"]
[EndTime "14:14:01 PDT"]
[Termination "ulises2013 won by resignation"]

1. e4 e5 2. g3 Nc6 3. Bg2 g6 4. Ne2 Bg7 5. c3 Nge7 6. d4 d6 7. O-O O-O 8. d5 Nb8 9. c4 c5 10. Nbc3 a6 11. a4 b6 12. h3 f5 13. f4 Nd7 14.
Kh2 Ra7 15. Qc2 Rf7 16. Bd2 Qf8 17. Rae1 exf4 18. Nxf4 Ne5 19. b3 fxe4 20. Nxe4 Bf5 21. Qd1 Bxe4 22. Bxe4 Bh6 23. Ne6 1-0

[Event "Late-Titled-Tuesday-Blitz-June-04-2024"]
[Site "Chess.com"]
[Date "2024.06.04"]
[Round "2"]
[White "mbojan"]
[Black "Chigorinetz"]
[Result "1-0"]
[WhiteElo "2839"]
[BlackElo "2549"]
[TimeControl "180+1"]
[EndTime "14:14:07 PDT"]
[Termination "mbojan won by resignation"]

1. a3 e5 2. e3 d5 3. d4 Nc6 4. Bb5 exd4 5. exd4 Bd6 6. Ne2 Qh4 7.
Nbc3 Ne7 8. g3 Qg4 9. Bf4 Qf3 10. Rg1 Bg4 11. Bxd6 cxd6 12. Nf4 O-O-O 13. Be2 Nxd4 14. Qxd4 Nc6 15. Bxf3 Nxd4 16. Bxg4+ f5 17. O-O-O 1-0

[Event "Late-Titled-Tuesday-Blitz-June-04-2024"]
[Site "Chess.com"]
[Date "2024.06.04"]
[Round "2"]
[White "Dexter_Dyke"]
[Black "th3d4rkness"]
[Result "1-0"]
[WhiteElo "2465"]
[BlackElo "2175"]
[TimeControl "180+1"]
[EndTime "14:14:09 PDT"]
[Termination "Dexter_Dyke won by resignation"]

1. e4 c5 2. Nf3 Nc6 3. d4 cxd4 4. Nxd4 Nf6 5. Nc3 e5 6. Ndb5 d6 7. Nd5 Nxd5 8. exd5 Nb8 9. a4 Be7 10. a5 O-O 11. Be2 a6 12. Na3 Bg5 13. Nc4 Bxc1 14. Qxc1 Bf5 15. O-O Qc7 16. Nb6 Ra7 17. c3 Nd7 18.
Qe3 Qc5 19. Qg5 g6 20. g4 f6 21.
Qe3 Qxe3 22. fxe3 Nxb6 23. axb6 Bxg4 24. Bxg4 Raa8 25. Be6+ Kg7 26. e4 1-0

[Event "Late-Titled-Tuesday-Blitz-June-04-2024"]
[Site "Chess.com"]
[Date "2024.06.04"]
[Round "2"]
[White "VladimirBugayev"]
[Black "szachmistrz2500"]
[Result "1-0"]
[WhiteElo "2315"]
[BlackElo "2500"]
[TimeControl "180+1"]
[EndTime "14:14:16 PDT"]
[Termination "VladimirBugayev won by resignation"]

1. e4 e6 2. d4 d5 3. Bd3 a6 4. Ne2 Nd7 5. O-O dxe4 6. Bxe4 Ngf6 7. Bf3 Be7 8. Bf4 Nd5 9. Bg3 Bd6 10. c4 N5f6 11. Nbc3 Bxg3 12. hxg3 O-O 13. g4 h6 14. Qd2 b5 15. Bxa8 Nb6 16. Bf3 Nxc4 17. Qc2 Bd7 18.
b3 Nd6 19. Qd2 Qb8 20. g5 hxg5 21. Qxg5 Qb6 22. Rfd1 Rc8 23. Rac1 Nf5 24. d5 e5 25.
Ng3 Nd4 26. Nge4 Nxf3+ 27. gxf3 Nh7 28. Qg3 Re8 29. d6 c6 30. Ng5 Nf6 31. Nce4 Nh5 32. Qh4 g6 33. Nc5 Qd8 34. Nxd7 Qxd7 35. Ne4 Re6 36. Nc5 1-0

[Event "Late-Titled-Tuesday-Blitz-June-04-2024"]
[Site "Chess.com"]
[Date "2024.06.04"]
[Round "2"]
[White "DreamsAreFake"]
[Black "giovannibrandao7"]
[Result "1-0"]
[WhiteElo "2682"]
[BlackElo "2336"]
[TimeControl "180+1"]
[EndTime "14:14:20 PDT"]
[Termination "DreamsAreFake won by resignation"]

1. Nf3 Nf6 2. g3 g6 3. Bg2 Bg7 4. O-O O-O 5. d4 d5 6. c4 c6 7. cxd5 cxd5 8. Nc3 Nc6 9. Ne5 Bf5 10. Nxc6 bxc6 11. Bf4 Re8 12. Rc1 Qb6 13. Na4 Qa6 14. Be5 Nd7 15. Bxg7 Kxg7 16. b3 Rac8 17. Qd2 f6 18. e3 Be6 19. Rc3 Bf7 20. Rfc1 e5 21. h4 e4 22. Nc5 Nxc5 23. Rxc5 Qb7 24. Bf1 f5 25. Qa5 Be6 26. Ba6 1-0